PBL
HAMILTON CARDINALS @ CHESTER PIRATES
07/25/2045
 
TOP OF THE 1ST
Hamilton Cardinals batting - Pitching for Chester Pirates : LHP Ben Buerck
Pitching: LHP Ben Buerck
Batting: RHB Ben Politi 0-0: Called Strike
0-1: Ball
1-1: Swinging Strike
1-2: Foul Ball, location: 2F
1-2: SOLO HOME RUN (Flyball, 8LXD, EV 115.0 MPH), Distance : 448 ft
Batting: RHB Tim Williams 0-0: Ball
1-0: Ball
2-0: Foul Ball, location: 2F
2-1: Called Strike
2-2: Ground out 5-3 (Groundball, 56S, EV 67.5 MPH)
Batting: SHB Justin Houser 0-0: Ball
1-0: Called Strike
1-1: Swinging Strike
1-2: Foul Ball, location: 2F
1-2: Strikes out swinging
Batting: RHB Julio Sandoval 0-0: Called Strike
0-1: Swinging Strike
0-2: Ball
1-2: Foul Ball, location: 2F
1-2: Strikes out swinging
Top of the 1st over - 1 run, 1 hit, 0 errors, 0 left on base; Hamilton 1 - Chester 0
BOTTOM OF THE 1ST
Chester Pirates batting - Pitching for Hamilton Cardinals : RHP Jason Meade
Pitching: RHP Jason Meade
Batting: RHB Terrence Wilson 0-0: Called Strike
0-1: Ball
1-1: Foul Ball, location: 2F
1-2: Foul Ball, location: 2F
1-2: TRIPLE (Line Drive, 78XD, EV 105.6 MPH)
Batting: RHB Tim Moore 0-0: Foul Ball, location: 2F
0-1: Foul Ball, location: 2F
0-2: Ball
1-2: Foul Ball, location: 2F
1-2: Strikes out looking
Batting: LHB Carlos Vega 0-0: Called Strike
0-1: Foul Ball, location: 2F
0-2: Ball
1-2: Ball
2-2: Fly out, F9 (Flyball, 9, EV 76.9 MPH)
Runner from 3rd tags up, SCORES, throw by RF
Batting: RHB Jeff Edwards 0-0: Reached on error, E7 (Flyball, 78D, EV 87.5 MPH)
Batting: SHB Don Hauk 0-0: Ball
1-0: Foul Ball, location: 2F
Balk!
Jeff Edwards to third
1-1: Ball
2-1: Fly out, F3 (Popup, 3F, EV 78.1 MPH)
Bottom of the 1st over - 1 run, 1 hit, 1 error, 1 left on base; Hamilton 1 - Chester 1
TOP OF THE 2ND
Hamilton Cardinals batting - Pitching for Chester Pirates : LHP Ben Buerck
Batting: RHB Johnny Lowe 0-0: Foul Ball, location: 2F
0-1: Reached on error, E9 (Flyball, 89D, EV 85.6 MPH)
Batting: SHB Justin Towry 0-0: Foul Ball, location: 2F
0-1: Ball
1-1: Called Strike
1-2: Strikes out looking
Batting: LHB Billy Lang 0-0: Ball
1-0: Ball
2-0: Ball
3-0: Called Strike
3-1: Foul Ball, location: 2F
3-2: Base on Balls
Batting: RHB Chris Rouleau 0-0: Ball
1-0: Foul Ball, location: 2F
1-1: Ball
2-1: Swinging Strike
2-2: Foul Ball, location: 2F
2-2: Strikes out swinging
Batting: RHB McGwire Jones 0-0: Ball
1-0: Ball
2-0: Ball
3-0: Called Strike
3-1: Called Strike
3-2: Foul Ball, location: 2F
3-2: Base on Balls
Johnny Lowe to third
Billy Lang to second
Batting: RHB Ben Politi 0-0: Ball
1-0: Foul Ball, location: 2F
1-1: Called Strike
1-2: Strikes out swinging
Top of the 2nd over - 0 runs, 0 hits, 1 error, 3 left on base; Hamilton 1 - Chester 1
BOTTOM OF THE 2ND
Chester Pirates batting - Pitching for Hamilton Cardinals : RHP Jason Meade
Batting: LHB Dustin Herman 0-0: Called Strike
0-1: Ball
1-1: Ball
2-1: Foul Ball, location: 2F
2-2: Ball
3-2: Fly out, F7 (Line Drive, 7, EV 93.1 MPH)
Batting: RHB Frank Elizondo 0-0: Ball
1-0: Ball
2-0: Called Strike
2-1: Swinging Strike
2-2: Strikes out swinging
Batting: RHB Erik Mulligan 0-0: Called Strike
0-1: Called Strike
0-2: Strikes out swinging
Bottom of the 2nd over - 0 runs, 0 hits, 0 errors, 0 left on base; Hamilton 1 - Chester 1
TOP OF THE 3RD
Hamilton Cardinals batting - Pitching for Chester Pirates : LHP Ben Buerck
Batting: RHB Tim Williams 0-0: Ball
1-0: Fly out, F8 (Flyball, 8LS, EV 85.0 MPH)
Batting: SHB Justin Houser 0-0: Fly out, F9 (Flyball, 89S, EV 88.8 MPH)
Batting: RHB Julio Sandoval 0-0: Ball
1-0: Called Strike
1-1: Swinging Strike
1-2: Strikes out swinging
Top of the 3rd over - 0 runs, 0 hits, 0 errors, 0 left on base; Hamilton 1 - Chester 1
BOTTOM OF THE 3RD
Chester Pirates batting - Pitching for Hamilton Cardinals : RHP Jason Meade
Batting: LHB Chad Cutler 0-0: Ball
1-0: DOUBLE (Groundball, 3L, EV 105.0 MPH)
Batting: RHB Terrence Wilson 0-0: Ball
1-0: Called Strike
1-1: Called Strike
1-2: Foul Ball, location: 2F
1-2: DOUBLE (Line Drive, 7LM, EV 108.8 MPH)
Chad Cutler scores
Batting: RHB Tim Moore 0-0: Foul Ball, location: 2F
0-1: Ball
1-1: Called Strike
1-2: Ball
2-2: Strikes out swinging
Batting: LHB Carlos Vega 0-0: Foul Ball, location: 2F
0-1: Foul Ball, location: 2F
0-2: Ball
1-2: Ball
2-2: SINGLE (Groundball, 5S, EV 64.4 MPH) (infield hit)
Terrence Wilson to third
Batting: RHB Jeff Edwards 0-0: Ball
1-0: DOUBLE (Flyball, 8LXD, EV 104.4 MPH)
Terrence Wilson scores
Carlos Vega to third
Runner from 3rd tries for Home, SAFE, no throw by CF
Batting: SHB Don Hauk 0-0: Called Strike
0-1: Ball
1-1: Swinging Strike
1-2: Ball
2-2: Ball
3-2: Base on Balls
Batting: LHB Dustin Herman 0-0: Ball
1-0: Swinging Strike
1-1: Hit by Pitch
Jeff Edwards to third
Don Hauk to second
Batting: RHB Frank Elizondo 0-0: Ball
1-0: Called Strike
1-1: Ball
2-1: Ball
3-1: Base on Balls
Jeff Edwards scores
Don Hauk to third
Dustin Herman to second
Batting: RHB Erik Mulligan 0-0: Ball
1-0: Called Strike
1-1: Swinging Strike
1-2: Ball
2-2: Ball
3-2: Foul Ball, location: 2F
3-2: Strikes out swinging
Batting: LHB Chad Cutler 0-0: Called Strike
0-1: Foul Ball, location: 2F
0-2: Strikes out swinging
Bottom of the 3rd over - 4 runs, 4 hits, 0 errors, 3 left on base; Hamilton 1 - Chester 5
TOP OF THE 4TH
Hamilton Cardinals batting - Pitching for Chester Pirates : LHP Ben Buerck
Batting: RHB Johnny Lowe 0-0: Ball
1-0: Foul Ball, location: 2F
1-1: Foul Ball, location: 2F
1-2: Strikes out swinging
Batting: SHB Justin Towry 0-0: Ball
1-0: Ball
2-0: Ball
3-0: Called Strike
3-1: Base on Balls
Batting: LHB Billy Lang 0-0: Called Strike
0-1: Ball
1-1: Fly out, F8 (Flyball, 8LM, EV 96.9 MPH)
Batting: RHB Chris Rouleau 0-0: Called Strike
0-1: Swinging Strike
0-2: Strikes out swinging
Top of the 4th over - 0 runs, 0 hits, 0 errors, 1 left on base; Hamilton 1 - Chester 5
BOTTOM OF THE 4TH
Chester Pirates batting - Pitching for Hamilton Cardinals : RHP Jason Meade
Batting: RHB Terrence Wilson 0-0: Ball
1-0: Called Strike
1-1: Ground out 5-3 (Groundball, 56S, EV 73.8 MPH)
Batting: RHB Tim Moore 0-0: Called Strike
0-1: Ball
1-1: Called Strike
1-2: Strikes out swinging
Batting: LHB Carlos Vega 0-0: Ball
1-0: Ball
2-0: Ball
3-0: Base on Balls
Batting: RHB Jeff Edwards 0-0: Ball
1-0: Ball
2-0: Ball
3-0: Base on Balls
Carlos Vega to second
Batting: SHB Don Hauk 0-0: Foul Ball, location: 2F
0-1: Foul Ball, location: 2F
0-2: Ball
1-2: Ball
2-2: Ball
3-2: Strikes out swinging
Bottom of the 4th over - 0 runs, 0 hits, 0 errors, 2 left on base; Hamilton 1 - Chester 5
TOP OF THE 5TH
Hamilton Cardinals batting - Pitching for Chester Pirates : LHP Ben Buerck
Pitching: RHP Pat Hall
Batting: RHB McGwire Jones 0-0: SINGLE (Flyball, 56D, EV 84.4 MPH)
Batting: RHB Ben Politi 0-0: Called Strike
0-1: Ball
1-1: SINGLE (Flyball, 3D, EV 93.8 MPH)
McGwire Jones to second
Batting: RHB Tim Williams 0-0: Fly out, F6 (Line Drive, 6, EV 68.8 MPH)
Batting: SHB Justin Houser 0-0: Swinging Strike
0-1: Called Strike
0-2: Foul Ball, location: 2F
0-2: Ball
1-2: Foul Ball, location: 2F
1-2: Foul Ball, location: 2F
1-2: Ball
2-2: Foul Ball, location: 2F
2-2: Foul Ball, location: 2F
2-2: Ball
3-2: Foul Ball, location: 2F
3-2: Foul Ball, location: 2F
3-2: Base on Balls
McGwire Jones to third
Ben Politi to second
Batting: RHB Julio Sandoval 0-0: Ball
1-0: Ball
2-0: SINGLE (Groundball, 56D, EV 106.2 MPH)
McGwire Jones scores
Ben Politi to third
Justin Houser to second
Runner from 3rd tries for Home, SAFE, throw by LF to home
Justin Houser to third
Julio Sandoval to second
Batting: RHB Johnny Lowe 0-0: Called Strike
0-1: Ball
1-1: Called Strike
1-2: Foul Ball, location: 2F
1-2: Ball
2-2: Strikes out looking
Batting: SHB Justin Towry 0-0: Foul Ball, location: 2F
0-1: Ball
1-1: SINGLE (Groundball, 34D, EV 108.1 MPH)
Justin Houser scores
Julio Sandoval to third
Pitching: RHP Kyle Davis
Batting: LHB Billy Lang 0-0: Swinging Strike
0-1: Called Strike
0-2: Strikes out swinging
Top of the 5th over - 3 runs, 4 hits, 0 errors, 2 left on base; Hamilton 4 - Chester 5
BOTTOM OF THE 5TH
Chester Pirates batting - Pitching for Hamilton Cardinals : RHP Jason Meade
Batting: LHB Dustin Herman 0-0: Ball
1-0: Ball
2-0: Called Strike
2-1: Foul Ball, location: 2F
2-2: Ground out 4-3 (Groundball, 4MS, EV 81.9 MPH)
Batting: RHB Frank Elizondo 0-0: Ball
1-0: Called Strike
1-1: Foul Ball, location: 2F
1-2: Ball
2-2: Ball
3-2: Foul Ball, location: 2F
3-2: Ground out 3-1 (Groundball, 34, EV 98.8 MPH)
Batting: RHB Erik Mulligan 0-0: Called Strike
0-1: Ball
1-1: Ball
2-1: Fly out, F6 (Flyball, 6D, EV 86.9 MPH)
Bottom of the 5th over - 0 runs, 0 hits, 0 errors, 0 left on base; Hamilton 4 - Chester 5
TOP OF THE 6TH
Hamilton Cardinals batting - Pitching for Chester Pirates : RHP Kyle Davis
Batting: RHB Chris Rouleau 0-0: Called Strike
0-1: Bunt for hit to 25 - play at first, batter OUT! 5-3
Pinch Hitting: SHB Gonnohyoe Hata 0-0: Ground out 6-3 (Groundball, 4, EV 101.9 MPH)
Batting: RHB Ben Politi 0-0: Ball
1-0: Ball
2-0: SINGLE (Line Drive, 6MD, EV 94.4 MPH)
Batting: RHB Tim Williams 0-0: Called Strike
0-1: Swinging Strike
0-2: Ball
Ben Politi is caught stealing 2nd base 2-4
Top of the 6th over - 0 runs, 1 hit, 0 errors, 0 left on base; Hamilton 4 - Chester 5
BOTTOM OF THE 6TH
Chester Pirates batting - Pitching for Hamilton Cardinals : RHP Jason Meade
Pitching: RHP Daniel Boulter
Now in LF: Edgar Klockow
Now in CF: Billy Lang
Batting: LHB Chad Cutler 0-0: Foul Ball, location: 2F
0-1: DOUBLE (Flyball, 8RXD, EV 101.2 MPH)
Batting: RHB Terrence Wilson 0-0: Ball
1-0: Foul Ball, location: 2F
1-1: Called Strike
1-2: Ground out 3-1 (Groundball, 34, EV 78.8 MPH)
Chad Cutler to third
Batting: RHB Tim Moore 0-0: Ground out 3-1 (Groundball, 34S, EV 81.9 MPH)
Batting: LHB Carlos Vega 0-0: Ball
1-0: Called Strike
1-1: Ball
2-1: Called Strike
2-2: Foul Ball, location: 2F
2-2: Ball
3-2: Fly out, F6 (Popup, 6MS, EV 74.4 MPH)
Bottom of the 6th over - 0 runs, 1 hit, 0 errors, 1 left on base; Hamilton 4 - Chester 5
TOP OF THE 7TH
Hamilton Cardinals batting - Pitching for Chester Pirates : RHP Kyle Davis
Pitching: RHP Tony Ortiz
Batting: RHB Tim Williams 0-0: Called Strike
0-1: Fly out, F8 (Flyball, 78D, EV 92.5 MPH)
Batting: SHB Justin Houser 0-0: Ground out 4-3 (Groundball, 4, EV 85.6 MPH)
Batting: RHB Julio Sandoval 0-0: Ball
1-0: Foul Ball, location: 2F
1-1: Swinging Strike
1-2: Ball
2-2: Strikes out swinging
Top of the 7th over - 0 runs, 0 hits, 0 errors, 0 left on base; Hamilton 4 - Chester 5
BOTTOM OF THE 7TH
Chester Pirates batting - Pitching for Hamilton Cardinals : RHP Daniel Boulter
Batting: RHB Jeff Edwards 0-0: Ball
1-0: Ball
2-0: SINGLE (Groundball, 4D, EV 105.6 MPH)
Batting: SHB Don Hauk 0-0: Swinging Strike
0-1: Ball
1-1: Ball
2-1: Ball
3-1: Called Strike
3-2: Base on Balls
Jeff Edwards to second
Pinch Runner at 2nd Melvin Durland:
Batting: LHB Dustin Herman 0-0: Ball
1-0: Foul Ball, location: 2F
1-1: Foul Ball, location: 2F
1-2: Ball
2-2: Fly out, F8 (Flyball, 8RS, EV 94.4 MPH)
Batting: RHB Frank Elizondo 0-0: Ball
1-0: Ball
2-0: Ball
3-0: Base on Balls
Melvin Durland to third
Don Hauk to second
Pinch Hitting: LHB Josh Aerni 0-0: Fly out, F3 (Popup, 3SF, EV 73.1 MPH)
Batting: LHB Chad Cutler 0-0: Called Strike
0-1: Fly out, F8 (Flyball, 8LM, EV 79.4 MPH)
Bottom of the 7th over - 0 runs, 1 hit, 0 errors, 3 left on base; Hamilton 4 - Chester 5
TOP OF THE 8TH
Hamilton Cardinals batting - Pitching for Chester Pirates : RHP Tony Ortiz
Now at 2B: Alex Arzate
Now in RF: Rusty Trader
Batting: RHB Johnny Lowe 0-0: Foul Ball, location: 2F
0-1: Called Strike
0-2: SINGLE (Groundball, 6MD, EV 102.5 MPH) (infield hit)
Batting: SHB Justin Towry 0-0: Ball
1-0: Foul Ball, location: 2F
1-1: SINGLE (Line Drive, 9S, EV 88.1 MPH)
Johnny Lowe to second
Runner from 2nd tries for 3rd, SAFE, no throw by RF
Batting: LHB Billy Lang 0-0: Ball
1-0: Ball
2-0: Ball
3-0: Base on Balls
Justin Towry to second
Batting: LHB Nelson Pelico 0-0: Foul Ball, location: 2F
0-1: Fly out, F8 (Flyball, 78D, EV 91.2 MPH)
Runner from 3rd tags up, SCORES, throw by CF
Justin Towry to third
Batting: RHB Edgar Klockow 0-0: Called Strike
Billy Lang steals 2nd base
0-1: Foul Ball, location: 2F
0-2: Ball
1-2: Strikes out swinging
Batting: RHB Ben Politi 0-0: Ball
1-0: Ball
2-0: Ball
3-0: Base on Balls
Pitching: LHP Juan Villegas
Batting: RHB Tim Williams 0-0: Ball
1-0: Ball
2-0: Ball
3-0: Base on Balls
Justin Towry scores
Billy Lang to third
Ben Politi to second
Batting: SHB Justin Houser 0-0: Ball
1-0: SINGLE (Line Drive, 8LS, EV 92.5 MPH)
Billy Lang scores
Ben Politi to third
Tim Williams to second
Runner from 3rd tries for Home, SAFE, throw by CF to home
Batting: RHB Julio Sandoval 0-0: Ball
1-0: Ball
2-0: Ball
3-0: Base on Balls
Tim Williams to third
Justin Houser to second
Batting: RHB Johnny Lowe 0-0: Foul Ball, location: 2F
0-1: Ball
1-1: Foul Ball, location: 2F
1-2: Strikes out looking
Top of the 8th over - 4 runs, 3 hits, 0 errors, 3 left on base; Hamilton 8 - Chester 5
BOTTOM OF THE 8TH
Chester Pirates batting - Pitching for Hamilton Cardinals : RHP Daniel Boulter
Pitching: RHP Jung-joon Chon
Batting: RHB Terrence Wilson 0-0: Ball
1-0: SINGLE (Groundball, 6M, EV 85.0 MPH) (infield hit)
Batting: RHB Tim Moore 0-0: Called Strike
0-1: Ball
1-1: Ball
2-1: SINGLE (Line Drive, 3D, EV 96.9 MPH)
Terrence Wilson to second
Runner from 2nd tries for 3rd, SAFE, no throw by RF
Batting: LHB Carlos Vega 0-0: Foul Ball, location: 2F
0-1: Ball
1-1: Ball
2-1: Ball
3-1: Swinging Strike
3-2: SINGLE (Flyball, 5D, EV 86.9 MPH)
Terrence Wilson scores
Tim Moore to second
Pinch Runner at 2nd Ken Manser:
Batting: RHB Rusty Trader 0-0: Foul Ball, location: 2F
0-1: SINGLE (Groundball, 4MD, EV 97.5 MPH)
Ken Manser to third
Carlos Vega to second
Runner from 3rd tries for Home, SAFE, throw by CF to home
Batting: SHB Don Hauk 0-0: Called Strike
0-1: Fly out, F8 (Flyball, 8RM, EV 85.6 MPH)
Batting: LHB Dustin Herman 0-0: Fly out, F9 (Flyball, 9D, EV 76.9 MPH)
Runner from 2nd tags up, SAFE at 3rd, no throw by RF
Batting: RHB Frank Elizondo 0-0: Called Strike
0-1: Ball
1-1: Called Strike
1-2: Strikes out swinging
Bottom of the 8th over - 2 runs, 4 hits, 0 errors, 2 left on base; Hamilton 8 - Chester 7
TOP OF THE 9TH
Hamilton Cardinals batting - Pitching for Chester Pirates : LHP Juan Villegas
Pitching: RHP Bill Gomez
Now at 3B: Ken Manser
Batting: SHB Justin Towry 0-0: Called Strike
0-1: Foul Ball, location: 2F
0-2: Foul Ball, location: 2F
0-2: Ball
1-2: Strikes out swinging
Batting: LHB Billy Lang 0-0: Fly out, F7 (Flyball, 78M, EV 91.2 MPH)
Batting: LHB Nelson Pelico 0-0: Called Strike
0-1: Ball
1-1: Swinging Strike
1-2: Fly out, F5 (Popup, 5SF, EV 69.4 MPH)
Top of the 9th over - 0 runs, 0 hits, 0 errors, 0 left on base; Hamilton 8 - Chester 7
BOTTOM OF THE 9TH
Chester Pirates batting - Pitching for Hamilton Cardinals : RHP Jung-joon Chon
Batting: RHB Alex Arzate 0-0: Ball
1-0: Ground out 5-3 (Groundball, 5, EV 106.9 MPH)
Batting: LHB Chad Cutler 0-0: Swinging Strike
0-1: Ball
1-1: Swinging Strike
1-2: Foul Ball, location: 2F
1-2: Strikes out swinging
Batting: RHB Terrence Wilson 0-0: Ball
1-0: Ground out 4-3 (Groundball, 34, EV 108.1 MPH)
Bottom of the 9th over - 0 runs, 0 hits, 0 errors, 0 left on base; Hamilton 8 - Chester 7
Wednesday, June 22nd , 2022 - OOTP Baseball 23.4 Build 64